 Dungeon Crawl Stone Soup version 0.24-a0-232-g49d9ff8 (webtiles) character file.

Game seed: 4764716876137592460

1146 Suave the Poker (level 8, 0/96 HPs)
             Began as a Formicid Abyssal Knight on Apr 3, 2019.
             Was a Believer of Lugonu.
             Slain by a centaur (3 damage)
             ... on level 6 of the Dungeon.
             The game lasted 00:19:08 (5744 turns).

Suave the Poker (Formicid Abyssal Knight)           Turns: 5744, Time: 00:19:10

Health: 0/96       AC: 24    Str: 19    XL:     8   Next: 64%
Magic:  9/9        EV:  2    Int: 12    God:    Lugonu [**....]
Gold:   173        SH:  0    Dex: 10    Spells: 7/7 levels left

rFire    . . .     SeeInvis .   D - +0 trident
rCold    . . .     Gourm    .   (no shield)
rNeg     + + +     Faith    .   (armour currently unavailable)
rPois    +         Spirit   .   (helmet unavailable)
rElec    .         Reflect  .   (cloak currently unavailable)
rCorr    .         Harm     .   (gloves currently unavailable)
MR       .....                  (boots currently unavailable)
Stlth    +.........             (no amulet)
HPRegen  0.26/turn              l - ring of poison resistance
MPRegen  0.11/turn              (no ring)

@: tree-form (expiring)
A: permanent stasis, dig shafts and tunnels, four strong arms
a: Depart the Abyss, Bend Space, Renounce Religion


You were on level 6 of the Dungeon.
You worshipped Lugonu.
Lugonu was pleased with you.
You were not hungry.
You were a tree.
You visited 1 branch of the dungeon, and saw 6 of its levels.
You visited the Abyss 1 time.

You collected 173 gold pieces.

Inventory:

Hand Weapons
 a - a +1 spear
 A - the +2 rapier "Itucutu" {pierce, +Blink rC+ rN+ Dex+3}
   (You found it on level 4 of the Dungeon)

   It inflicts extra damage upon your enemies.
   It affects your dexterity (+3).
   It protects you from cold.
   It protects you from negative energy.
   It lets you blink.
 D - a +0 trident (weapon)
Missiles
 f - 8 javelins (quivered)
 o - 92 stones
 r - 5 javelins of penetration
Armour
 b - a +0 leather armour
 h - a +0 ring mail
 k - a +0 pair of gloves
 t - a +0 chain mail (melded)
 y - a +2 pair of gloves (melded)
Jewellery
 l - a ring of poison resistance (left branch)
Wands
 s - a wand of polymorph (12)
 x - a wand of iceblast (4)
Scrolls
 d - 2 scrolls of fog
 g - 2 scrolls of identify
 j - 2 scrolls of teleportation
 m - a scroll of enchant armour
 p - a scroll of remove curse
 B - a scroll of magic mapping
Comestibles
 c - 9 rations


   Skills:
 + Level 6.2 Fighting
 + Level 6.5 Polearms
 + Level 1.3 Throwing
 + Level 5.9 Armour
 - Level 0.8 Dodging
 + Level 2.5 Invocations
 - Level 1.1 Evocations


You had 7 spell levels left.
You didn't know any spells.
Your spell library was empty.

Dungeon Overview and Level Annotations

Branches:
Dungeon (6/15)
 Temple: D:4-7

Altars:
Ashenzari
Fedhas
The Shining One

Annotations:
D:1 exclusion: downstairs
D:3 exclusion: downstairs


Innate Abilities, Weirdness & Mutations

You cannot be hasted, slowed, berserked, paralysed or teleported.
You can dig through walls and to a lower floor.
Your four strong arms can wield two-handed weapons with a shield.
((You have a pair of large antennae on your head. (SInv)))


Message History

The centaur is severely wounded.
The centaur barely misses you.
The phantom hits you but does no damage.
The bullfrog hits you.
* * * LOW HITPOINT WARNING * * *
The centaur hits you but does no damage.
A bullfrog comes into view.
You hit the centaur but do no damage.
The centaur is severely wounded.
The bullfrog hits you but does no damage.
The centaur barely misses you.
The phantom hits you but does no damage.
Unknown command.
You puncture the centaur!
The centaur is almost dead.
Your transformation is almost over.
The bullfrog hits you but does no damage.
The centaur hits you but does no damage.
The phantom blinks!
The bullfrog completely misses you. The centaur hits you.
You die...

............. ...
..........#..#####.?..
..F...................
>.............<..#
...........$....##
...........(.....#
#....§§§§§(......+
#....§Fc§§.#.##..#
.....§§♣§§....#..#
.....§§§§§.[.....#
.....§§§§§#.###...
..........#.# #...
............. ..
##############
#8P#≈≈;;≈≈≈#P8#
#..#≈PP≈P%.#..


You could see a bullfrog and a centaur.

Vanquished Creatures
  Grinder (D:4)
  Sigmund (D:5)
  A water moccasin (D:3)
  An ogre (D:4)
  A crimson imp (D:5)
  4 orc wizards
  2 orc priests
  A bullfrog skeleton (D:5)
  A jelly (D:6)
  An iguana (D:4)
  Natasha (thrice) (D:3)
  2 worker ants
  2 gnolls (D:1)
  7 adders
  An ooze (D:1)
  An adder zombie (D:6)
  3 worms
  A dart slug (D:1)
  3 leopard geckos
  14 orcs
  8 bats (D:1)
  6 giant cockroaches
  9 goblins
  2 hobgoblins (D:1)
  8 jackals
  8 kobolds
  2 quokkas
  3 ball pythons
  4 frilled lizards
  A jackal skeleton (D:5)
  A quokka zombie (D:5)
  4 rats
107 creatures vanquished.

Notes
Turn   | Place    | Note
-------+----------+-------------------------------------------
     0 | Abyss:1  | Suave the Formicid Abyssal Knight began the quest for the
                  | Orb.
     0 | Abyss:1  | Reached XP level 1. HP: 18/18 MP: 2/2
    37 | Abyss:1  | Found a corrupted altar of Lugonu.
    75 | Abyss:1  | Noticed a demonic crawler
    81 | Abyss:2  | Found a corrupted altar of Lugonu.
   106 | Abyss:2  | Noticed a wight
   106 | Abyss:2  | Noticed a wight
   106 | Abyss:2  | Noticed a wight
   108 | Abyss:2  | Noticed a wretched star
   112 | D:1      | Escaped the Abyss
   481 | D:1      | Reached XP level 2. HP: 24/24 MP: 3/3
   510 | D:1      | Reached * piety under Lugonu
   733 | D:1      | Reached XP level 3. HP: 30/30 MP: 4/4
  1123 | D:1      | Reached XP level 4. HP: 33/37 MP: 5/5
  1572 | D:2      | You fall through a shaft!
  1991 | D:3      | Reached XP level 5. HP: 27/43 MP: 6/6
  2182 | D:3      | Found a glowing golden altar of the Shining One.
  2205 | D:3      | Noticed Natasha
  2215 | D:3      | Killed Natasha
  2347 | D:3      | Noticed a water moccasin
  2511 | D:3      | Noticed Natasha
  2529 | D:3      | Killed Natasha
  2601 | D:3      | Killed a water moccasin
  2601 | D:3      | Reached ** piety under Lugonu
  2601 | D:3      | Reached XP level 6. HP: 14/50 MP: 7/7
  2839 | D:3      | Noticed Natasha
  2861 | D:3      | Killed Natasha
  2983 | D:3      | Found a blossoming altar of Fedhas.
  3436 | D:4      | Reached skill level 1 in Throwing
  3511 | D:4      | Noticed an ogre
  3520 | D:4      | Killed an ogre
  3520 | D:4      | Reached skill level 5 in Fighting
  3520 | D:4      | Reached XP level 7. HP: 45/56 MP: 8/8
  3934 | D:4      | Noticed Grinder
  4247 | D:4      | You fall through a shaft!
  4247 | D:5      | Entered Level 5 of the Dungeon
  4604 | D:5      | Reached skill level 5 in Polearms
  4854 | D:4      | Got a faintly glowing rapier
  4855 | D:4      | Identified the +2 rapier "Itucutu" {pierce, +Blink rC+ rN+
                  | Dex+3} (You found it on level 4 of the Dungeon)
  5145 | D:4      | Killed Grinder
  5145 | D:4      | Reached skill level 5 in Armour
  5145 | D:4      | Reached XP level 8. HP: 63/63 MP: 9/9
  5436 | D:5      | Noticed Sigmund
  5442 | D:5      | Killed Sigmund
  5442 | D:5      | Reached skill level 1 in Evocations
  5445 | D:5      | Found a shattered altar of Ashenzari.
  5742 | D:6      | HP: 3/96 [bullfrog (3)]
  5744 | D:6      | Slain by a centaur

Levels and vault maps discovered:
D:1:      dpeg_arrival_pits, layout_rooms, minmay_pentomino_u2
D:2:      layout_loops_ring, amethyst_overflow_temple_binary, first_ration,
          kennysheep_generic_room_11, uniq_terence, uniq_crazy_yiuf_cottage
D:3:      layout_basic, nicolae_overflow_crystal_walls,
          lemuel_coloured_pillars_altar, uniq_natasha
D:4:      layout_basic, uniq_grinder
D:5:      layout_rooms, old_standard_altar, uniq_sigmund
D:6:      gammafunk_steamed_eel, layout_rooms, vehumet_statue,
          minmay_temple_entry_glassed_door, uniq_blork_the_orc
Abyss:1
Abyss:2

Skill      XL: |  1  2  3  4  5  6  7  8 |
---------------+-------------------------+-----
Fighting       | 4 5 6 |  6.2
Polearms       | 3 4 5 6 |  6.5
Armour         | 3 4 5 |  5.9
Throwing       | 1 |  1.3
Evocations     | 1 |  1.1
Dodging        | |  0.8
Invocations    | |  2.5

Action                   |  1- 3 |  4- 6 |  7- 9 || total
-------------------------+-------+-------+-------++-------
Melee: Spear             |   123 |   239 |   134 ||   496
       Rapier            |       |       |    71 ||    71
       Trident           |       |       |    21 ||    21
Throw: Javelin           |       |    14 |       ||    14
Invok: Depart the Abyss  |     1 |       |       ||     1
 Abil: Dig               |       |       |     3 ||     3
Evoke: Wand              |       |       |     6 ||     6
  Use: Potion            |       |       |     9 ||     9
       Scroll            |       |       |     7 ||     7
  Eat: Chunk             |     1 |     8 |     7 ||    16
Armor: Leather armour    |    16 |       |       ||    16
       Ring mail         |    25 |    32 |       ||    57
       Chain mail        |       |    45 |   112 ||   157
       Skin              |       |       |    60 ||    60
Dodge: Dodged            |    71 |    92 |    88 ||   251

Table legend:
 A = Non-vault XP
 B = Vault XP
 C = Vault XP percentage of total XP
 D = Non-vault monster count
 E = Vault monster count
 F = Vault count percentage of total count
                 A         B        C        D         E       F
            +---------+---------+-------+---------+---------+-------
      Total |    1109 |     529 |  32.3 |     102 |       5 |   4.7
            +---------+---------+-------+---------+---------+-------
        D:1 |      98 |       3 |   3.0 |      34 |       2 |   5.6
        D:2 |      13 |       0 |   0.0 |       1 |       0 |   0.0
        D:3 |     303 |      35 |  10.4 |      32 |       1 |   3.0
        D:4 |     362 |     249 |  40.8 |      15 |       1 |   6.2
        D:5 |     287 |     242 |  45.7 |      18 |       1 |   5.3
        D:6 |      46 |       0 |   0.0 |       2 |       0 |   0.0
            +---------+---------+-------+---------+---------+-------
